 Dungeon Crawl Stone Soup version 0.29.0-4-gdea44cf6ec (webtiles) character file.

Game seed: 10745024955597406291

56 qw the Chopper (level 3, -1/21 HPs)
             Began as a Tengu Warper on Aug 28, 2022.
             Slain by an orc wizard
             ... wielding a +0 dagger
              (2 damage)
             ... on level 3 of the Dungeon.
             The game lasted 00:00:11 (2845 turns).

qw the Chopper (Tengu Warper)                       Turns: 2845, Time: 00:00:12

Health: -1/21      AC:  5    Str: 13    XL:     3   Next: 97%
Magic:  7/7        EV: 11    Int: 13    God:
Gold:   132        SH:  0    Dex: 13    Spells: 6/6 levels left

rFire   . . .      SeeInvis .   Y - +1 hand axe
rCold   . . .      Faith    .   (no shield)
rNeg    . . .      Spirit   .   l - +0 ring mail
rPois   .          Reflect  .   (helmet restricted)
rElec   .          Harm     .   (no cloak)
rCorr   .          Rampage  .   (no gloves)
Will    .....                   (boots unavailable)
Stlth   ..........              n - amulet of the acrobat
HPRegen 0.07/turn               (no ring)
MPRegen 0.10/turn               (no ring)

@: confused
A: beak, talons 3
a: no special abilities


You were on level 3 of the Dungeon.
You visited 1 branch of the dungeon, and saw 3 of its levels.

You collected 132 gold pieces.


Innate Abilities, Weirdness & Mutations

You have a beak for a mouth.
You have claws for feet.


   Skills:
 - Level 2.0 Fighting
 + Level 4.5 Axes
 - Level 1.0 Throwing
 - Level 1.1 Armour
 - Level 2.1 Dodging
 - Level 2.0 Spellcasting
 - Level 2.4 Translocations


You had 6 spell levels left.
You didn't know any spells.
Your spell library contained the following spells:

 Spells                   Type           Power      Damage    Failure   Level
 Blink                    Tloc           14%        N/A       30%         2
 Gell's Gravitas          Tloc           7%         N/A       52%         3
 Lesser Beckoning         Tloc           7%         N/A       52%         3
 Teleport Other           Tloc           7%         N/A       52%         3
 Manifold Assault         Tloc           7%         N/A       99%         5

Inventory:

Hand Weapons
 d - a +0 whip of flaming
 Y - a +1 hand axe (weapon)
Armour
 l - a +0 ring mail (worn)
Jewellery
 n - an amulet of the acrobat (around neck)
Scrolls
 i - a scroll of teleportation
Potions
 g - a potion of might {unknown}
 h - a potion of cancellation
 j - a potion of flight {unknown}
 k - a potion of brilliance {unknown}
 m - a potion of heal wounds {unknown}
 o - a potion of attraction {unknown}

Dungeon Overview and Level Annotations

Branches:
Dungeon (3/15)

Altars:


Message History

You kill the orc!
The orc wizard gestures wildly while chanting.
The orc wizard flickers and vanishes!
Deactivating autopickup; reactivate with Ctrl-A.
You barely miss the orc. The orc hits you but does no damage.
You closely miss the orc. You claw the orc!
You kill the orc!
You hear some strange, mumbled words.
You are confused.
2833 ||| DRINKING 2 potions of curing.
You feel better.
2833 ||| (to cure confusion)
You hear some strange, mumbled words.
A puff of flame appears from out of thin air!
The puff of flame hits you!
2834 ||| FLEEEEING.
2835 ||| FLEEEEING.
2837 ||| FLEEEEING.
2838 ||| FLEEEEING.
Enter note:
2839 ||| FLEEEEING.
You hear some strange, mumbled words.
You are confused.
2840 ||| DRINKING potion of curing.
You feel better.
2840 ||| (to cure confusion)
Something misses you.
You hit something but do no damage. You claw something. You peck something.
You hear some strange, mumbled words.
A magic dart appears from out of thin air!
The magic dart hits you!
2843 ||| FLEEEEING.
You hear some strange, mumbled words.
You are confused.
You hear some strange, mumbled words.
A magic dart appears from out of thin air!
The magic dart hits you!
Ouch! That really hurt!
You bump into the rock wall.
Something hits you.
You die...

#.....
+.........'....
#....
#.........####.
..... #.......##
## ... ##.....##
# ... ##...## #o#
##'## #)# #.#
#)###########.#
#...o{@.......##
############..<##
#.....###
##...##.##
#..##.#.####
#.####......
#......#####
########


You could see an orc.

Vanquished Creatures
  An adder (D:2)
  3 worms (D:2)
  2 dart slugs (D:2)
  3 orcs (D:3)
  An endoplasm (D:1)
  A giant cockroach (D:1)
  A goblin (D:1)
  3 hobgoblins
  4 kobolds
  3 quokkas
  2 ball pythons (D:1)
  2 bats (D:1)
  5 frilled lizards (D:1)
  2 rats (D:1)
33 creatures vanquished.

Vanquished Creatures (others)
  2 fungi (D:1)
  6 plants (D:1)
8 creatures vanquished.

Grand Total: 41 creatures vanquished

Notes
Turn   | Place    | Note
-------+----------+-------------------------------------------
     0 | D:1      | qw the Tengu Warper began the quest for the Orb.
     0 | D:1      | Reached XP level 1. HP: 12/12 MP: 4/4
     0 | D:1      | 0 ||| qw: Version: 0.1-a-89-g26bdef1
     0 | D:1      | 0 ||| qw: Game counter: 2804
     0 | D:1      | 0 ||| qw: Always use a shield: true
     0 | D:1      | 0 ||| qw: God list: Okawaru
     0 | D:1      | 0 ||| qw: Allow faded altars: false
     0 | D:1      | 0 ||| qw: Do Orc after D:15 true
     0 | D:1      | 0 ||| qw: Do second Lair branch before Depths: true
     0 | D:1      | 0 ||| qw: Lair rune preference: random
     0 | D:1      | 0 ||| qw: Plans: Normal
     0 | D:1      | 0 ||| PLANNING D:1-11
   410 | D:1      | Reached XP level 2. HP: 7/17 MP: 6/6
   411 | D:1      | Reached skill level 3 in Axes
  1474 | D:1      | Found a faded altar of an unknown god.
  1480 | D:1      | 1480 ||| UPGRADING to +0 ring mail.
  1490 | D:1      | 1490 ||| DROPPING +0 leather armour.
  1491 | D:1      | 1491 ||| READING scroll labelled AQY LETSOIBLECOUSCH.
  1492 | D:1      | 1492 ||| READING 3 scrolls labelled OHAZXA QUTA.
  1496 | D:1      | 1496 ||| DRINKING 2 fuming yellow potions.
  1497 | D:1      | 1497 ||| DRINKING 2 clear potions.
  1498 | D:1      | 1498 ||| DROPPING scroll of blinking.
  1515 | D:2      | 1515 ||| Stepping ~*~*~tactically~*~*~ (hiding).
  1526 | D:2      | Reached XP level 3. HP: 21/21 MP: 7/7
  2134 | D:2      | Reached skill level 4 in Axes
  2673 | D:2      | 2673 ||| UPGRADING to amulet of the acrobat.
  2678 | D:2      | 2678 ||| DROPPING +6 ring of intelligence.
  2679 | D:2      | 2679 ||| DROPPING ring of flight.
  2680 | D:2      | 2680 ||| READING scroll labelled KAIXUA NUPPISA.
  2681 | D:2      | 2681 ||| READING scroll labelled WEWU BIXYUV.
  2682 | D:2      | 2682 ||| READING 2 scrolls of teleportation.
  2692 | D:2      | 2692 ||| Stepping ~*~*~tactically~*~*~ (stealth).
  2833 | D:3      | 2833 ||| DRINKING 2 potions of curing.
  2833 | D:3      | 2833 ||| (to cure confusion)
  2834 | D:3      | 2834 ||| FLEEEEING.
  2835 | D:3      | 2835 ||| FLEEEEING.
  2837 | D:3      | 2837 ||| FLEEEEING.
  2838 | D:3      | 2838 ||| FLEEEEING.
  2839 | D:3      | 2839 ||| FLEEEEING.
  2840 | D:3      | 2840 ||| DRINKING potion of curing.
  2840 | D:3      | 2840 ||| (to cure confusion)
  2843 | D:3      | 2843 ||| FLEEEEING.
  2844 | D:3      | HP: 1/21 [something/magic dart (11)]
  2845 | D:3      | Slain by an orc wizard

Levels and vault maps discovered:
D:1:      lightli_arrival_statuegarden, layout_basic,
          shapermc_ecumenical_altar_hornbeckon, chequers_jeans, chequers_garden,
          minmay_octomino_j4
D:2:      layout_loops_corners, supply_closet_lemuel, nicolae_wormholes
D:3:      layout_loops_corners

Skill      XL: |  1  2  3 |
---------------+----------+-----
Axes           | 3 4 |  4.5
Fighting       | |  2.0
Throwing       | |  1.0
Armour         | |  1.1
Dodging        | |  2.1
Spellcasting   | |  2.0
Translocations | |  2.4

Action                   || total
-------------------------++-------
Melee: Hand axe          ||    80
       Kick              ||    23
       Peck              ||    13
Throw: Boomerang         ||     7
  Use: Scroll            ||     5
       Potion            ||     4
Armor: Leather armour    ||    14
       Ring mail         ||     7
Dodge: Dodged            ||    34

Table legend:
 A = Non-vault XP
 B = Vault XP
 C = Vault XP percentage of total XP
 D = Non-vault monster count
 E = Vault monster count
 F = Vault count percentage of total count
                 A         B        C        D         E       F
            +---------+---------+-------+---------+---------+-------
      Total |      67 |      14 |  17.3 |      29 |       4 |  12.1
            +---------+---------+-------+---------+---------+-------
        D:1 |      26 |       4 |  13.3 |      19 |       2 |   9.5
        D:2 |      32 |      10 |  23.8 |       7 |       2 |  22.2
        D:3 |       9 |       0 |   0.0 |       3 |       0 |   0.0
            +---------+---------+-------+---------+---------+-------
